details: '100 hour perchers'

« prev index next »

Warning! The script has encountered some errors when parsing the replay. Please report them to the author. » details

0x00, prev: 0x16: 16 02 01 00 00 41 00 00 7A 94 00 00 [00] 00 00 00 00 00 00 00 00 00 00 00 00 00 00 00 00 00 00 00 00 00 00 00 00 00
0x00, prev: 0x00: 16 02 01 00 00 41 00 00 7A 94 00 00 00 00 00 00 00 00 00 00 00 00 00 00 00 00 00 00 00 00 00 00 00 00 00 00 [00] 00

General information

Mini Map

Players

team 1
NightElfABC_warrior (teal | 63 APM | 6 actions | 00:05)

» actions
Build / train1
Right click1
Select / deselect4
6 total
» units
Wisp1
1 total
Orcavid.milk2 (pink | 240 APM | 6 actions | 00:01)

» actions
Build / train1
Right click1
Select / deselect4
6 total
» units
Peon1
1 total
Humanbrucewillisusa (purple | 19 APM | 82 actions | 04:22)

» actions
Build / train2
Right click13
Select / deselect57
Use ability10
82 total
» units
Peasant2
2 total
team 2
Random» Undeadghost0880 (yellow | 26 APM | 115 actions | 04:22)

» actions
Build / train16
Enter build submenu7
Remove unit from queue1
Right click19
Select / deselect64
Use ability8
115 total
» units
Acolyte3
Ghoul7
10 total
» upgrades
Unholy Armor1
1 total
» buildings
Altar of Darkness1
Ziggurat4
Crypt1
Nerubian Tower2
Graveyard1
Halls of the Dead1
10 total
» build order
00:22 Altar of Darkness
00:26 Ziggurat
00:57 Crypt
01:49 Ziggurat
01:53 Nerubian Tower
02:14 Graveyard
02:30 Ziggurat
03:22 Halls of the Dead
03:29 Nerubian Tower
04:19 Ziggurat
Orcmechwolv (orange | 37 APM | 160 actions | 04:22)
Hero icon 1 Blademaster
Ability icon 1 Critical Strike

» actions
Assign group hotkey1
Build / train13
Enter build submenu10
Enter hero's abilities submenu1
Right click54
Select / deselect46
Select group hotkey27
Use ability8
160 total
» units
Peon10
Troll Headhunter/Berserker1
11 total
» buildings
Altar of Storms1
Orc Burrow2
War Mill1
Barracks1
Voodoo Lounge1
Watch Tower2
8 total
» build order
00:29 Altar of Storms
00:44 Orc Burrow
00:58 War Mill
01:59 Barracks
02:43 Orc Burrow
03:15 Voodoo Lounge
03:35 Watch Tower
04:13 Watch Tower
Undeadpwncakechef (blue | 24 APM | 104 actions | 04:22)
Hero icon 1 Death Knight
Ability icon 1 Death Coil

» actions
Assign group hotkey2
Build / train14
Enter build submenu7
Enter hero's abilities submenu1
Remove unit from queue1
Right click26
Select / deselect43
Select group hotkey4
Use ability6
104 total
» units
Acolyte2
Ghoul3
Crypt Fiend3
8 total
» upgrades
Creature Attack1
1 total
» buildings
Altar of Darkness1
Crypt1
Ziggurat3
Graveyard1
Nerubian Tower1
Halls of the Dead1
8 total
» build order
00:26 Altar of Darkness
00:35 Crypt
00:50 Ziggurat
01:09 Graveyard
01:28 Ziggurat
02:00 Nerubian Tower
02:17 Ziggurat
04:16 Halls of the Dead

Chat log

(00:03 / All) brucewillisusa: hey
(00:06 / All) brucewillisusa: did u guys save the replay
(00:08 / All) brucewillisusa: from the 100 hour game?
(00:25 / All) brucewillisusa: the 100 hour game you played on the map high perch
(00:28 / All) brucewillisusa: did u seave the replay?
(00:33 / All) brucewillisusa: press shift+ enter to chat to all
(00:37 / All) brucewillisusa: and ill be on my way
(00:45 / All) brucewillisusa: as you can see my allies have left
(00:52 / All) brucewillisusa: there is no point in continuing to cookie cut
(00:55 / All) brucewillisusa: ur barf noob builds
(00:57 / All) brucewillisusa: just go ahead
(00:59 / All) brucewillisusa: take a minute and answer
(01:03 / All) brucewillisusa: it will be faster than killing 3 mains
(01:10 / All) brucewillisusa: ???
(01:16 / All) brucewillisusa: english?
(01:19 / All) brucewillisusa: deutsch?
(01:22 / All) brucewillisusa: espanol?

(02:34 / All) brucewillisusa: u guys therE?
(02:38 / All) brucewillisusa: hello?
(02:40 / All) brucewillisusa: shift+enter

(03:43 / All) brucewillisusa: come on
(03:46 / All) brucewillisusa: ur name is in english
(03:48 / All) brucewillisusa: i know u can talk
(03:50 / All) brucewillisusa: say something
(03:57 / All) brucewillisusa: that has no wisps in it
(03:59 / All) brucewillisusa: why are you killin ghtat
(04:01 / All) brucewillisusa: it will never be used
(04:06 / All) brucewillisusa: and it dies when u kill the tree anyway
(04:15 / All) brucewillisusa: jesus christ you guys are zombies
(04:21 / All) brucewillisusa: i dont know how those clowns los tto u